 Dungeon Crawl Stone Soup version 0.30.1-1-g62c8e00024 (webtiles) character file.

Game seed: 10362762719864801020

22003 Inchmeat the Fencer (level 12, -4/110 HPs)
             Began as a Barachi Reaver on July 17, 2023.
             Was a Follower of Ashenzari.
             Slain by a demonspawn (11 damage)
             ... on level 1 of the Orcish Mines.
             The game lasted 00:40:29 (15347 turns).

Inchmeat the Fencer (Barachi Reaver)               Turns: 15347, Time: 00:40:29

Health: -4/110     AC: 17    Str: 21    XL:     12   Next: 95%
Magic:  15/15      EV:  6    Int: 15    God:    Ashenzari [*.....]
Gold:   779        SH:  5    Dex: 10    Spells: 15/15 levels left

rFire   . . .        C - +0 great sword of Ashenzari's Pantheism {heavy, Alch, Cun} (curse)
rCold   + . .        (shield currently unavailable)
rNeg    . . .        s - +0 plate armour {rPois}
rPois   +            (helmet restricted)
rElec   .            N - +1 cloak
rCorr   .            B - +2 pair of gloves {Str+3}
SInv    .            (no boots)
Will    +....        z - amulet of reflection Stlth
                     R - ring of protection from fire
HPRegen 0.38/turn    y - ring of ice
MPRegen 0.14/turn

%: reflection
@: slow
A: amphibious, slowness 1, strong legs 1, +LOS, horns 1, iridescent scales 1,
strong-willed 1
a: Hop, Renounce Religion, Curse Item, Shatter the Chains


You were on level 1 of the Orcish Mines.
You worshipped Ashenzari.
Ashenzari was aware of your devotion.
You visited 3 branches of the dungeon, and saw 14 of its levels.
You also visited: Ossuary.

You collected 1004 gold pieces.
You spent 225 gold pieces at shops.

Inventory:

Hand Weapons
 d - a +3 halberd of freezing
 f - a +1 long sword of venom
 i - a +2 arbalest of electrocution
 C - the cursed +0 great sword of Ashenzari's Pantheism (weapon) {heavy, Alch, Cun}
   (You found it on level 6 of the Dungeon)

   It has a curse which improves the following skills: Alchemy: Poison Magic and
   Transmutations.
   Cunning:   Dodging and Stealth.
Missiles
 h - 16 boomerangs (quivered)
 v - 8 poisoned darts
Armour
 s - a +0 plate armour of poison resistance (worn)
 B - a +2 pair of gloves of strength (worn)
 J - an orb of guile
 N - a +1 cloak (worn)
 O - +0 acid dragon scales
Jewellery
 b - a +6 ring of dexterity
 m - an amulet of magic regeneration
 y - a ring of ice (right hand)
 z - an amulet of reflection (around neck)
 Q - a ring of flight
 R - a ring of protection from fire (left hand)
Wands
 t - a wand of polymorph (2)
 K - a wand of charming (19)
 M - a wand of iceblast (1)
Scrolls
 a - 6 scrolls of identify
 c - 3 scrolls of noise
 j - 2 scrolls of enchant weapon
 k - 6 scrolls of teleportation
 n - 3 scrolls of amnesia
 q - a scroll of magic mapping
 G - 3 scrolls of enchant armour
 I - a scroll of immolation
 L - 2 scrolls of poison
Potions
 e - 3 potions of lignification
 g - a potion of curing
 l - a potion of degeneration
 o - 4 potions of mutation
 p - a potion of attraction
 r - 2 potions of brilliance
 x - a potion of flight
 A - a potion of ambrosia
 D - 3 potions of haste
 H - 2 potions of cancellation


   Skills:
 + Level 15.4 Fighting
 - Level 19.7 Long Blades
 - Level 2.1(2.8) Dodging
 - Level 2.1 Spellcasting
 - Level 3.2 Conjurations


You had 15 spell levels left.
You didn't know any spells.
Your spell library contained the following spells:

 Spells                   Type           Power      Damage    Failure   Level
 Magic Dart               Conj           44%        1d5       88%         1
 Searing Ray              Conj           22%        2d5       95%         2
 Kiss of Death            Conj/Necr      24%        2d7       98%         1
 Shock                    Conj/Air       24%        1d4       98%         1
 Momentum Strike          Conj/Tloc      12%        3d8       99%         2
 Static Discharge         Conj/Air       12%        2-3/arc   99%         2
 Apportation              Tloc           2%         N/A       100%        1
 Necrotise                Necr           4%         1d4       100%        1
 Summon Small Mammal      Summ           4%         N/A       100%        1
 Dazzling Flash           Conj/Hex       12%        N/A       100%        3
 Hailstorm                Conj/Ice       9%         3d4       100%        3
 Inner Flame              Hex/Fire       1%         N/A       100%        3
 Swiftness                Air            1%         N/A       100%        3
 Airstrike                Air            0%         2d(1-17)  100%        4
 Animate Armour           Summ/Erth      2%         N/A       100%        4
 Flame Wave               Conj/Fire      6%         2d5       100%        4
 Fulminant Prism          Conj/Hex       3%         3d5       100%        4
 Sticky Flame             Conj/Fire      6%         2d3       100%        4
 Summon Lightning Spire   Summ/Air       1%         N/A       100%        4
 Agony                    Necr           1%         N/A       100%        5
 Blade Hands              Tmut           0%         N/A       100%        5
 Silence                  Hex/Air        0%         N/A       100%        5
 Iron Shot                Conj/Erth      3%         9d2       100%        6


Dungeon Overview and Level Annotations

Branches:
Dungeon (11/15)            Temple (1/1) D:4            Lair (0/5) D:10
    Orc (2/2) D:11            Elf (0/3) Orc:2       Ossuary (visited)

Altars:
Ashenzari
Cheibriados
Fedhas
Gozag
Kikubaaqudgha
Ru
Trog

Shops:
Orc:2 **

Annotations:
Orc:2 1 runed translucent door


Innate Abilities, Weirdness & Mutations

You are amphibious.
You cover ground slowly.
You can hop short distances.
You have an extended range of vision and can be seen from far away.
You have a pair of small horns on your head.
You are partially covered in iridescent scales. (AC +2)
You are strong-willed. (Will+)


Message History

You kill the orc!
No target in view!
You start waiting.
Done waiting.
You climb downwards.
Level annotation: 1 runed translucent door The demonspawn completely misses you.
The demonspawn claws you.
The demonspawn gores you but does no damage.
The demonspawn barely misses you. You block the demonspawn's attack.
The demonspawn gores you but does no damage.
There is a stone staircase leading up, spattered with blood here.
The demonspawn hits you but does no damage.
You block the demonspawn's attack.
The demonspawn gores you but does no damage.
The demonspawn hits you. The demonspawn claws you! The demonspawn gores you!
You climb upwards.
There is a stone staircase leading down, spattered with blood here.
You carve the demonspawn like a ham!!! Your headbutt misses the demonspawn.
The demonspawn is heavily wounded.
The demonspawn hits you but does no damage.
The demonspawn barely misses you. x4; The demonspawn gores you.
You slash the demonspawn!
The demonspawn is heavily wounded.
The demonspawn hits you! You block the demonspawn's attack.
The demonspawn closely misses you. The demonspawn hits you!
The demonspawn claws you! The demonspawn gores you.
You are too injured to fight recklessly!
You are too injured to fight recklessly!
You are too injured to fight recklessly!
You are too injured to fight recklessly!
You slice the demonspawn!!
The demonspawn is almost dead.
The demonspawn hits you. The demonspawn claws you!
* * * LOW HITPOINT WARNING * * *
The demonspawn gores you.
* * * LOW HITPOINT WARNING * * *
The demonspawn barely misses you. The demonspawn claws you!
* * * LOW HITPOINT WARNING * * *
The demonspawn gores you!
You die...

#####.#...### ####..#.##
##.#......# #.........#
##..#.....#####
#....##...###.##
##.........#...#
#.....[[[.#..## #####
##....6@......#
##.#.####.....6[[.#..##
#.>...##.............#####
##......#.............##.##
###............##........#
###..#........#.#.....##
######..##.....#....#
#...##.#.####.## ##.#######
###


You could see 2 demonspawn.

Vanquished Creatures
  Erolcha (D:9)
  Harold (D:10)
  A two-headed ogre (D:8)
  A demonspawn (Orc:1)
  4 orc high priests (Orc:2)
  A soul eater (Orc:2)
  Pikel (D:9)
  2 orc sorcerers (Orc:1)
  5 orc knights
  An orange demon (Orc:2)
  A gargoyle (D:11)
  A komodo dragon (D:11)
  2 ice devils
  A kobold demonologist (D:9)
  2 trolls
  2 hornets
  A wraith (D:11)
  A ynoxinul (Orc:2)
  19 yaks
  3 acid dragons
  3 wargs
  A water moccasin (D:5)
  2 sky beasts
  A swamp drake (D:4)
  30 orc warriors
  An ice beast (D:6)
  A black bear (D:3)
  2 ogres
  3 centaurs
  A lemure (D:9)
  2 phantoms (D:5)
  4 bullfrogs
  A kobold brigand (D:9)
  3 scorpions
  2 water moccasin zombies (Ossuary)
  6 wights
  5 killer bees (D:9)
  6 howler monkeys
  A centaur zombie (Ossuary)
  3 hounds
  4 jellies
  17 orc priests
  2 gnoll boudas
  An iguana (D:6)
  3 scorpion zombies (Ossuary)
  7 orc wizards
  An ogre zombie (Ossuary)
  14 gnolls
  5 adders
  3 white imps
  2 ufetubi
  2 adder zombies (Ossuary)
  2 worms
  2 dart slugs
  61 orcs
  5 endoplasms
  4 giant cockroaches
  2 gnoll zombies (Ossuary)
  6 goblins
  4 hobgoblins
  4 jackals (D:1)
  2 quokkas
  9 ball pythons
  4 bats (D:2)
  5 frilled lizards
  3 goblin zombies (Ossuary)
  4 hobgoblin zombies (Ossuary)
  12 kobolds
  4 rats
323 creatures vanquished.

Vanquished Creatures (collateral kills)
  An orc knight (Orc:2)
  A bullfrog (D:8)
2 creatures vanquished.

Grand Total: 325 creatures vanquished

Notes
Turn   | Place    | Note
-------+----------+-------------------------------------------
     0 | D:1      | Inchmeat the Barachi Reaver began the quest for the Orb.
     0 | D:1      | Reached XP level 1. HP: 17/17 MP: 3/3
   177 | D:1      | Reached XP level 2. HP: 22/24 MP: 5/5
   372 | D:2      | Reached skill level 4 in Long Blades
   603 | D:1      | Reached XP level 3. HP: 26/30 MP: 6/6
  1143 | D:2      | Reached XP level 4. HP: 22/38 MP: 7/7
  1494 | D:2      | Found a broken altar of Ashenzari.
  1545 | D:2      | Became a worshipper of Ashenzari the Shackled
  1822 | D:2      | Reached skill level 5 in Fighting
  1932 | D:3      | Found a faded altar of an unknown god.
  1967 | D:3      | Reached skill level 5 in Long Blades
  1967 | D:3      | Reached XP level 5. HP: 25/44 MP: 8/8
  2633 | D:4      | Noticed a black bear
  2776 | D:3      | Killed a black bear
  2777 | D:3      | Reached skill level 6 in Long Blades
  2777 | D:3      | Reached XP level 6. HP: 29/51 MP: 9/9
  3005 | D:4      | Found a staircase to the Ecumenical Temple.
  3036 | D:4      | Reached skill level 7 in Long Blades
  3243 | D:4      | an ogre changed into a swamp drake
  3243 | D:4      | Noticed a swamp drake
  3424 | D:5      | Entered Level 5 of the Dungeon
  3452 | D:5      | Noticed a water moccasin
  3489 | D:5      | Found a sand-covered staircase.
  3506 | Ossuary  | Entered an ossuary
  3594 | Ossuary  | Reached skill level 8 in Long Blades
  3594 | Ossuary  | Reached XP level 7. HP: 51/56 MP: 10/10
  3711 | Ossuary  | Gained mutation: You are strong-willed. (Will+) [potion of
                  | mutation]
  3711 | Ossuary  | Gained mutation: You have a pair of small horns on your
                  | head. [potion of mutation]
  3711 | Ossuary  | Gained mutation: You are partially covered in iridescent
                  | scales. (AC +2) [potion of mutation]
  3720 | Ossuary  | Reached skill level 9 in Long Blades
  3882 | Ossuary  | Noticed a silent spectre
  4116 | D:5      | Reached skill level 10 in Long Blades
  4116 | D:5      | Reached XP level 8. HP: 50/62 MP: 11/11
  4544 | D:5      | Found a blossoming altar of Fedhas.
  4598 | D:5      | Reached skill level 11 in Long Blades
  5224 | Temple   | Entered the Ecumenical Temple
  5527 | D:6      | Reached skill level 12 in Long Blades
  5764 | D:6      | Found a bloodstained altar of Trog.
  6032 | D:6      | Found a sacrificial altar of Ru.
  6033 | D:6      | Found an opulent altar of Gozag.
  6111 | D:6      | Reached XP level 9. HP: 58/68 MP: 12/12
  6226 | D:6      | Reached skill level 13 in Long Blades
  6665 | D:6      | Reached skill level 14 in Long Blades
  7041 | D:7      | Reached * piety under Ashenzari
  7161 | D:7      | Noticed a hornet
  7166 | D:7      | Killed a hornet
  7649 | D:8      | Reached skill level 15 in Long Blades
  8140 | D:8      | Reached XP level 10. HP: 69/74 MP: 13/13
  8216 | D:8      | Reached skill level 16 in Long Blades
  8312 | D:8      | Identified the +1 leather armour of Qazlal's Hatred {rC-
                  | Regen+ Str+3 Dex+4}
  8631 | D:8      | Noticed a two-headed ogre
  8634 | D:8      | Killed a two-headed ogre
  8635 | D:8      | Reached skill level 17 in Long Blades
  9020 | D:9      | Noticed a kobold demonologist
  9026 | D:9      | Killed a kobold demonologist
  9402 | D:9      | Noticed Pikel
  9410 | D:9      | Killed Pikel
  9411 | D:9      | Reached skill level 18 in Long Blades
  9466 | D:9      | Noticed Erolcha
  9480 | D:9      | Killed Erolcha
  9676 | D:9      | Reached XP level 11. HP: 79/79 MP: 14/14
 10067 | D:9      | Reached skill level 19 in Long Blades
 10431 | D:10     | Entered Level 10 of the Dungeon
 10940 | D:10     | Noticed Harold
 10966 | D:10     | Killed Harold
 11101 | D:10     | Found a staircase to the Lair.
 11122 | D:10     | Found an ancient bone altar of Kikubaaqudgha.
 11393 | D:11     | Found a snail-covered altar of Cheibriados.
 11784 | D:11     | Found a staircase to the Orcish Mines.
 11796 | Orc:1    | Entered Level 1 of the Orcish Mines
 11888 | Orc:2    | Entered Level 2 of the Orcish Mines
 12139 | Orc:2    | Found Kovamumemu's General Store.
 12159 | Orc:2    | Found Yrchu's General Store.
 12166 | Orc:2    | Noticed an orc knight
 12168 | Orc:2    | Reached skill level 10 in Fighting
 12539 | Orc:1    | Reached XP level 12. HP: 60/98 MP: 15/15
 13462 | Orc:2    | Noticed a soul eater
 13470 | Orc:2    | Killed a soul eater
 13486 | Orc:2    | HP: 4/102 [orc knight/+0 broad axe (20)]
 13866 | Orc:2    | Bought a scroll of fear for 60 gold pieces
 13866 | Orc:2    | Bought a scroll of teleportation for 45 gold pieces
 13868 | Orc:2    | Bought a potion of ambrosia for 120 gold pieces
 13943 | Orc:2    | Noticed an orc high priest
 13945 | Orc:2    | Noticed a sun demon
 13945 | Orc:2    | Noticed a sun demon
 13947 | Orc:2    | Killed an orc high priest
 13974 | Orc:2    | Paralysed by an orc sorcerer for 2 turns
 14347 | Orc:2    | Noticed an orc high priest
 14350 | Orc:2    | Noticed a soul eater
 14350 | Orc:2    | Noticed an orc high priest
 14354 | Orc:2    | Killed an orc high priest
 14361 | Orc:2    | Killed an orc high priest
 14370 | Orc:2    | Noticed an orc high priest
 14380 | Orc:2    | Killed an orc high priest
 14797 | Orc:2    | Found a runed translucent door.
 14872 | Orc:2    | Found a staircase to the Elven Halls.
 14916 | Orc:2    | Reached skill level 15 in Fighting
 15089 | Orc:2    | Noticed a demonspawn
 15096 | Orc:2    | Noticed a demonspawn
 15097 | Orc:2    | Noticed a soul eater
 15100 | Orc:1    | Killed a demonspawn
 15233 | Orc:2    | Noticed a demonspawn
 15235 | Orc:2    | Noticed a sun demon
 15347 | Orc:1    | Slain by a demonspawn

Illustrated notes

Levels and vault maps discovered:
D:1:      amcnicky_arrival_feature_with_door, layout_basic
D:2:      layout_loops_ring, basic_altar
D:3:      layout_rooms, serial_co_window_serial, co_window_of_opportunity_a,
          co_window_of_opportunity_a, co_window_corner_a, co_window_paths_b,
          co_window_paths_a, co_window_paths_a, co_window_paths_c,
          co_window_of_opportunity_b, co_window_broadway_b, co_window_corner_b,
          glass_columns_a, glass_columns_b, glass_columns_b, glass_columns_a,
          glass_columns_b, hellmonk_ecumenical_altar_pennies_from_heaven
D:4:      cheibrodos_helix_gallery, layout_gridville,
          minmay_temple_entry_large_hall, minivault_25
D:5:      layout_basic, mainiacjoe_overflow_brackets,
          lightli_ossuary_entry_decrepit_ruins, abandoned_shop
D:6:      layout_loops_cross, kennysheep_mini_moat,
          mainiacjoe_overflow_divided_tiny
D:7:      layout_cave_pools, minmay_door_square
D:8:      layout_loops_ring, special_room [special_room_orc]
D:9:      layout_irregular_city, uniq_erolcha, uniq_pikel
D:10:     layout_rooms, kiku_gazebo_garden_becter, lair_entry_dummy, uniq_harold
D:11:     layout_irregular_city, david_orc_1_choice, serial_glass,
          glass_columns_c, glass_columns_a, kennysheep_slug_shrine
Temple:   minmay_temple_bridge_d
Orc:1:    layout_caves, uniq_maurice
Orc:2:    pf_orc_diabolical, layout_caves, lightli_church_of_beogh

Skill      XL: |  1  2  3  4  5  6  7  8  9 10 11 12 |
---------------+-------------------------------------+-----
Fighting       | 3 4 5 10 15 | 15.4
Long Blades    | 4 5 6 8 10 12 15 18 19 | 19.7
Dodging        | |  2.1
Spellcasting   | |  2.1
Conjurations   | |  3.2

Action                     |  1- 3 |  4- 6 |  7- 9 | 10-12 || total
---------------------------+-------+-------+-------+-------++-------
  Melee: Falchion          |    52 |       |       |       ||    52
         Long sword        |    88 |   185 |   154 |       ||   427
         Punch             |       |     6 |     5 |       ||    11
         Headbutt          |       |       |    43 |    88 ||   131
         Great sword       |       |       |   101 |   468 ||   569
  Throw: Dart              |       |     3 |       |       ||     3
         Throwing net      |       |       |       |     2 ||     2
         Boomerang         |       |       |       |     2 ||     2
 Invoke: Curse Item        |       |       |     1 |       ||     1
Ability: Hop               |     2 |     3 |     7 |     6 ||    18
  Evoke: Wand              |       |     2 |     4 |    19 ||    25
    Use: Potion            |     1 |     3 |     5 |    12 ||    21
         Scroll            |       |     7 |     5 |     7 ||    19
   Stab: Invisible         |       |       |       |     2 ||     2
 Armour: Leather armour    |    19 |       |       |       ||    19
         Scale mail        |    42 |    87 |   115 |       ||   244
         Plate armour      |       |       |    74 |   315 ||   389
         Skin              |       |       |       |     1 ||     1
  Dodge: Dodged            |   114 |   133 |   174 |   175 ||   596
  Block: Other             |       |       |       |   109 ||   109
         Reflection        |       |       |       |    10 ||    10
